 Dungeon Crawl Stone Soup version 0.26.0-45-g9c1d065592 (webtiles) character file.

Game seed: 8099936355602796202

(classic levelgen) 49 thiole the Magician (level 3, 0/21 HPs)
             Began as an Octopode Hedge Wizard on Jan 31, 2021.
             Slain by a ball python (1 damage)
             ... on level 2 of the Dungeon.
             The game lasted 00:02:59 (1664 turns).

thiole the Magician (Octopode Hedge Wizard)         Turns: 1664, Time: 00:03:00

Health: 0/21       AC:  1    Str:  9    XL:     3   Next: 75%
Magic:  6/8        EV: 10    Int: 17    God:
Gold:   31         SH:  0    Dex: 11    Spells: 7/10 levels left

rFire    . . .     SeeInvis .   k - +2 hunting sling (flame)
rCold    . . .     Faith    .   (no shield)
rNeg     . . .     Spirit   .   b - +0 hat
rPois    .         Reflect  .   (no amulet)
rElec    .         Harm     .   (no ring)
rCorr    .         Rampage  .   (no ring)
Will     .....                  (no ring)
Stlth    +++.......             (no ring)
HPRegen  0.07/turn              (no ring)
MPRegen  0.11/turn              (no ring)
                                (no ring)
                                (no ring)

@: brilliant, lethally poisoned (0 -> -13), constricted
A: almost no armour, stealthy swim, amphibious, 8 rings, constrict 8, camouflage
1, gelatinous body 1
a: no special abilities


You were on level 2 of the Dungeon.
You visited 1 branch of the dungeon, and saw 2 of its levels.

You collected 31 gold pieces.

Inventory:

Hand Weapons
 a - a +0 dagger
 k - a +2 hunting sling of flaming (weapon)
Missiles
 e - 55 stones (quivered ammo)
 f - 32 poisoned darts
Armour
 b - a +0 hat (worn)
Scrolls
 d - 2 scrolls of teleportation
 i - 2 scrolls of amnesia
 j - a scroll of remove curse {unknown}
Potions
 h - a potion of mutation {unknown}


   Skills:
 - Level 2.0 Dodging
 - Level 2.6 Stealth
 - Level 4.0 Spellcasting
 - Level 2.0 Conjurations
 + Level 1.1 Summonings
 - Level 1.0 Translocations


You had 7 spell levels left.
You knew the following spells:

 Your Spells              Type           Power        Failure   Level
a - Magic Dart            Conj           60%          7%          1
b - Call Imp              Summ           11%          14%         2

Your spell library contained the following spells:

 Spells                   Type           Power        Failure   Level
 Blink                    Tloc           N/A          16%         2
 Slow                     Hex            5%           24%         2
 Conjure Flame            Conj/Fire      10%          30%         3
 Mephitic Cloud           Conj/Pois/Air  8%           36%         3


Dungeon Overview and Level Annotations

Branches:
Dungeon (2/15)

Altars:


Innate Abilities, Weirdness & Mutations

You cannot wear most types of armour.
You are very stealthy in the water. (Stealth+)
You are amphibious.
You can wear up to eight rings at the same time.
You can use your tentacles to constrict eight enemies at once.
Your skin changes colour to match your surroundings (Stealth+).
Your rubbery body absorbs attacks. (AC +1, EV +1)


Message History

You shoot a stone. The stone closely misses the adder.
You feel sick. The ball python barely misses you.
The ball python constricts you. The adder bites you.
The ball python closely misses you.
* * * LOW HITPOINT WARNING * * *
The ball python constricts you.
Fire: 56 stones
Press: ? - help, Q - select action, (/) - cycle Shift-Dir - straight line, f/p - adder
Aim: an adder (heavily wounded, 38% to hit)
You shoot a stone. The stone misses the adder.
* * * LOW HITPOINT WARNING * * *
You feel sick. The adder misses you. The ball python closely misses you.
* * * LOW HITPOINT WARNING * * *
The ball python constricts you. The adder bites you.
* * * LOW HITPOINT WARNING * * *
It was a potion of brilliance.
You feel clever all of a sudden.
* * * LOW HITPOINT WARNING * * *
You feel sick. The ball python closely misses you.
You die...

#.#..#.#.####.......
..###.#.#..#.##.........
........................
..###.....##.##.........
#.....†.............
#...#.#.#.###.......
######.##.....# #.......
......S###..### ########
.......@S((##
...#########


You could see an adder and a ball python.

Vanquished Creatures
  An adder (D:2)
  An ooze (D:1)
  3 dart slugs (D:1)
  2 leopard geckos (D:1)
  A ball python (D:1)
  A giant cockroach (D:1)
  4 goblins
  5 hobgoblins
  2 kobolds
  2 bats (D:1)
  A frilled lizard (D:2)
  5 rats
28 creatures vanquished.

Notes
Turn   | Place    | Note
-------+----------+-------------------------------------------
     0 | D:1      | thiole the Octopode Hedge Wizard began the quest for the
                  | Orb.
     0 | D:1      | Reached XP level 1. HP: 11/11 MP: 4/4
   263 | D:1      | Reached XP level 2. HP: 16/17 MP: 0/6
   407 | D:1      | Learned a level 2 spell: Call Imp
   967 | D:1      | Reached XP level 3. HP: 21/21 MP: 2/8
  1643 | D:2      | Reached skill level 4 in Spellcasting
  1663 | D:2      | HP: 1/21 [adder (2)]
  1664 | D:2      | Slain by a ball python

Illustrated notes

Levels and vault maps discovered:
D:1:      dpeg_arrival_snail, layout_loops_corners
D:2:      layout_rooms, minmay_misc_feat_nine_boxes, minmay_indecisive_spiral

Skill      XL: |  1  2  3 |
---------------+----------+-----
Conjurations   | 2 |  2.0
Spellcasting   | 4 |  4.0
Dodging        | |  2.0
Stealth        | |  2.6
Summonings     | |  1.1
Translocations | |  1.0

Action                   || total
-------------------------++-------
Melee: Dagger            ||    13
       Constrict         ||     6
       Tentacles         ||     4
 Fire: Hunting sling     ||    12
 Cast: Magic Dart        ||    62
  Use: Scroll            ||     3
       Potion            ||     1
Dodge: Dodged            ||    25
